 Dungeon Crawl Stone Soup version 0.17.1-1-g73c8601 (webtiles) character file.

576 fredomojojo the Shield-Bearer (level 7, -7/56 HPs)
             Began as a Formicid Fighter on Dec 13, 2015.
             Was an Initiate of Okawaru.
             Killed by divine providence
             ... invoked by an orc priest
              (9 damage)
             ... on level 4 of the Dungeon.
             The game lasted 00:29:06 (2575 turns).

fredomojojo the Shield-Bearer (Formicid Fighter)    Turns: 2575, Time: 00:29:06

Health: -7/56      AC: 12    Str: 22    XL:     7   Next: 62%
Magic:  7/7        EV:  9    Int:  6    God:    Okawaru [......]
Gold:   201        SH: 10    Dex: 10    Spells: 0 memorised, 6 levels left

rFire  + . .     SeeInvis +     B - +2 falchion (protect)
rCold  x . .     Clarity  .     b - +0 scale mail
rNeg   . . .     SustAt   .     o - +0 shield
rPois  .         Gourm    .     (helmet unavailable)
rElec  .         Spirit   .     (no cloak)
rCorr  .         Warding  .     (no gloves)
rMut   .         Stasis   +     (no boots)
MR     .....                    (no amulet)
Stlth  ..........               F - ring of fire
                                r - -2 ring of intelligence (curse)

@: not resistant to hostile enchantments, extremely unstealthy
A: permanent stasis, dig shafts and tunnels, four strong arms, antennae 3
a: Dig, Shaft Self, Renounce Religion


You were on level 4 of the Dungeon.
You worshipped Okawaru.
Okawaru was noncommittal.
You were not hungry.

You visited 2 branches of the dungeon, and saw 6 of its levels.

You collected 201 gold pieces.

Inventory:

Hand Weapons
 a - a +0 long sword
 m - a +3 short sword
 t - a +2 short sword of speed
 B - a +2 falchion of protection (weapon)
Missiles
 E - 7 tomahawks (quivered)
Armour
 b - a +0 scale mail (worn)
 o - a +0 shield (worn)
Jewellery
 l - an uncursed ring of ice
 r - a cursed -2 ring of intelligence (left hand)
 y - an uncursed ring of positive energy
 F - a ring of fire (right hand)
Scrolls
 c - a scroll of enchant weapon
 f - 3 scrolls of identify
 h - 2 scrolls of amnesia {unknown}
 n - a scroll of recharging {unknown}
 s - 3 scrolls of fear
 u - a scroll of enchant armour {unknown}
Potions
 d - a potion of might
 e - a potion of flight {unknown}
 i - 5 potions of curing
 j - 2 potions of mutation {unknown}
 k - a potion of haste {unknown}
 q - a potion of lignification {unknown}
 w - a potion of brilliance {unknown}
 z - a potion of invisibility {unknown}
 A - a potion of agility {unknown}
Comestibles
 g - 8 fruits
 v - 2 bread rations
 x - a slice of pizza


   Skills:
 + Level 5.0 Fighting
 + Level 1.4(2.7) Short Blades
 + Level 3.6(3.7) Long Blades
 + Level 4.7 Armour
 + Level 2.6 Dodging
 + Level 0.3 Stealth
 + Level 5.5 Shields


You had 6 spell levels left.
You didn't know any spells.

Dungeon Overview and Level Annotations

Branches:
Dungeon (5/15)             Temple (1/1) D:4

Altars:
Dithmenos
Elyvilon
Fedhas
Kikubaaqudgha
Okawaru
Qazlal
Ru
Trog
Yredelemnul
The Shining One


Innate Abilities, Weirdness & Mutations

You are under a permanent stasis effect.
You can dig through walls and to a lower floor.
Your four strong arms can wield two-handed weapons with a shield.
You have a pair of large antennae on your head (SInv).


Message History

An orc comes into view. It is wielding a flail.
You hit the orc priest but do no damage.
The orc priest hits you with a flail.
You closely miss the orc priest. The orc priest hits you with a flail.
You barely miss the orc priest. The orc priest hits you with a flail.
You closely miss the orc priest.
The orc priest mumbles some strange prayers to Beogh against you.
Something smites you!
* * * LOW HITPOINT WARNING * * *
You hit the orc priest but do no damage.
The orc priest hits you but does no damage.
The orc priest mumbles some strange prayers to Beogh against you.
Pain shoots through your body!
* * * LOW HITPOINT WARNING * * *
An orc wizard comes into view. It is wielding a dagger.
The orc wizard shouts!
The orc wizard hits you but does no damage.
The orc priest mumbles some strange prayers to Beogh against you.
Something smites you!
You die...

...##.#.#.#####.# # #.#
#.....#.#....##.####### { #.#
..###.................. #.# #
###.#######..##### #.# .# #.#
#.o# #. #.# ###o# #.o# .#
#...#######..#### ##
##.##)...........#
####...#.######o@##.# #
...........##....##.########.#
#
.#.......#.##.#.###..........#
# #..........##.#. #.#### # #
.#.......#.## #.######....##.#
# ###.....##. #..............#
# .......###. ########.##.####
# ######## #. #.......##.# # #
######. #.########.# #


You could see an orc priest, an orc wizard and an orc.

Vanquished Creatures
  A human (D:4)
  A phantom (D:4)
  A giant frog (D:3)
  2 orc wizards
  2 orc priests
  A human zombie (D:4)
  2 worker ants (D:4)
  4 adders
  3 giant geckos
  5 orcs
  2 ball pythons (D:3)
  8 goblins
  4 hobgoblins
  9 bats
  8 giant cockroaches
  3 giant newts
  7 kobolds
  5 rats
68 creatures vanquished.

Notes
Turn   | Place    | Note
--------------------------------------------------------------
     0 | D:1      | fredomojojo the Formicid Fighter began the quest for the Orb.
     0 | D:1      | Reached XP level 1. HP: 18/18 MP: 1/1
    60 | D:1      | Reached XP level 2. HP: 6/24 MP: 2/2
   775 | D:2      | Reached XP level 3. HP: 30/30 MP: 3/3
   909 | D:2      | Reached skill level 4 in Shields
   929 | D:2      | Reached skill level 1 in Dodging
   929 | D:2      | Reached XP level 4. HP: 30/37 MP: 4/4
  1356 | D:3      | Noticed a giant frog
  1363 | D:3      | Killed a giant frog
  1363 | D:3      | Reached skill level 1 in Short Blades
  1363 | D:3      | Reached XP level 5. HP: 35/42 MP: 5/5
  1404 | D:3      | Reached XP level 6. HP: 5/48 MP: 6/6
  1877 | D:5      | Entered Level 5 of the Dungeon
  1919 | D:4      | Reached skill level 5 in Shields
  1929 | D:4      | Found a runed door.
  1929 | D:4      | Noticed a human
  1949 | D:4      | Found a basalt altar of Yredelemnul.
  1977 | D:4      | Killed a human
  1977 | D:4      | Reached XP level 7. HP: 42/55 MP: 7/7
  2204 | D:4      | Reached skill level 5 in Fighting
  2392 | D:4      | Found a staircase to the Ecumenical Temple.
  2402 | Temple   | Entered the Ecumenical Temple
  2449 | Temple   | Became a worshipper of Warmaster Okawaru
  2571 | D:4      | HP: 1/56 [orc priest/nerve-wracking pain (5)]
  2575 | D:4      | Killed from afar by an orc priest

Action                   |  1- 3 |  4- 6 |  7- 9 || total
-------------------------+-------+-------+-------++-------
Melee: Long sword        |    38 |       |       ||    38
       Short sword       |    50 |    54 |       ||   104
       Falchion          |       |    98 |    56 ||   154
 Abil: Dig               |    15 |    11 |     4 ||    30
  Use: Scroll            |       |     9 |       ||     9
  Eat: Bread ration      |     1 |       |       ||     1
       Chunk             |       |     2 |       ||     2
       Meat ration       |       |     1 |       ||     1
